 Dungeon Crawl Stone Soup version 0.18-a0-844-g9229740 (webtiles) character file.

891 deanyohobro the Basher (level 8, -1/117 HPs)
             Began as an Ogre Berserker on Dec 18, 2015.
             Was a Priest of Trog.
             Slain by kak's ghost (2 damage)
             ... on level 6 of the Dungeon.
             The game lasted 00:18:43 (6131 turns).

deanyohobro the Basher (Ogre Berserker)             Turns: 6131, Time: 00:18:43

Health: -1/117     AC:  3    Str: 30    XL:     8   Next: 6%
Magic:  8/8        EV: 10    Int:  6    God:    Trog [***...]
Gold:   172        SH:  0    Dex:  9    Spells: 0 memorised, 7 levels left

rFire  . . .     SeeInvis .     o - +0 flail
rCold  . . .     Gourm    .     b - +0 animal skin
rNeg   . . .     Faith    .     (no shield)
rPois  .         Spirit   .     (helmet restricted)
rElec  .         Dismiss  .     (no cloak)
rCorr  .         Reflect  .     (gloves unavailable)
SustAt .         Harm     .     (boots unavailable)
MR     ++...                    (no amulet)
Stlth  ..........               (no ring)
                                (no ring)

@: berserking, lethally poisoned (-1 -> -7), regenerating, very quick, very
resistant to hostile enchantments, extremely unstealthy
A: unfitting armour, tough skin 1
a: Berserk, Trog's Hand, Burn Spellbooks, Renounce Religion


You were on level 6 of the Dungeon.
You worshipped Trog.
Trog was most pleased with you.
You were not hungry.

You visited 1 branch of the dungeon, and saw 6 of its levels.
You also visited: Sewer.

You collected 172 gold pieces.

Inventory:

Hand Weapons
 a - a +0 mace
 o - a +0 flail (weapon)
Missiles
 l - 256 stones (quivered)
Armour
 b - a +0 animal skin (worn)
 w - a +0 large shield
Jewellery
 y - an uncursed ring of stealth {unknown}
Wands
 q - a wand of fireball (7)
 G - a wand of digging (8)
Scrolls
 c - 3 scrolls of fear {unknown}
 e - 5 scrolls of identify
 i - 3 scrolls of blinking {unknown}
 k - 3 scrolls of magic mapping
 n - 3 scrolls of noise {unknown}
 p - 5 scrolls of recharging {unknown}
 r - a scroll of random uselessness {unknown}
 s - 2 scrolls of teleportation {unknown}
 x - a scroll of fog {unknown}
 B - a scroll of remove curse {unknown}
Potions
 d - a potion of heal wounds
 f - a potion of agility {unknown}
 h - 2 potions of brilliance {unknown}
 j - 2 potions of cancellation {unknown}
 m - 3 potions of magic
 t - a potion of degeneration {unknown}
 u - a potion of poison {unknown}
 v - a potion of berserk rage {unknown}
 z - a potion of might {unknown}
 C - a potion of haste {unknown}
Comestibles
 D - a beef jerky
 F - a bread ration


   Skills:
 - Level 4.0 Fighting
 + Level 11.9 Maces & Flails
 - Level 2.6 Dodging


You had 7 spell levels left.
You didn't know any spells.

Dungeon Overview and Level Annotations

Branches:
Dungeon (6/15)
 Temple: D:4-7

Altars:
Ashenzari
Dithmenos
Qazlal
Xom
Zin
The Shining One

Annotations:
D:6 kak's ghost, novice NaVM


Innate Abilities, Weirdness & Mutations

You are too large for most types of armour.
You have tough skin (AC +1).


Message History

* * * LOW HITPOINT WARNING * * *
You bludgeon kak's ghost!!
Kak's ghost is severely damaged.
You feel sick.
* * * LOW HITPOINT WARNING * * *
You are more poisoned.
You sock kak's ghost!
Kak's ghost is almost destroyed.
You feel sick. Kak's ghost hits you!
* * * LOW HITPOINT WARNING * * *
You closely miss kak's ghost.
Kak's ghost is almost destroyed.
You feel sick.
* * * LOW HITPOINT WARNING * * *
You are more poisoned.
You hit kak's ghost but do no damage.
Kak's ghost is almost destroyed.
* * * LOW HITPOINT WARNING * * *
You feel sick. Kak's ghost hits you.
You die...

.........,...#*,,,,,,,*#..*
#*#.>.#,**#+..#*,,_,,*#...*
###...#,,,.....#*,,,*#....*
......#####.....##,*#....,*
.................###..###.*
#.##......#,***#..h.......#
#.#######.#,* #.†........#
#..........,* #.#.####.%.#
#..#############@W5...>...#
...##...........##.###....#
#.###.#########.##........#
..# #.# #.##.####...# ###
#.# #.##........# #####.#
#.##..###...# ......#
#.##..###...# #####.#
#.###.......# #.#
#)....####.##


You could see kak's ghost, a crimson imp and a jackal (confused).

Vanquished Creatures
  2 phantoms
  3 big kobolds (Sewer)
  A water moccasin skeleton (D:6)
  A scorpion (D:4)
  4 hounds
  A worker ant (D:4)
  An iguana (D:5)
  Terence (D:2)
  3 hound skeletons
  A river rat (Sewer)
  8 adders
  2 shadow imps (D:5)
  3 oozes
  An adder zombie (D:5)
  2 adder skeletons (D:4)
  A worm (Sewer)
  4 giant geckos
  An orc (D:5)
  5 ball pythons
  10 bats
  3 giant cockroaches
  4 hobgoblins
  7 jackals
  3 quokkas
  A giant gecko skeleton (D:5)
  A giant gecko zombie (D:5)
  5 giant newts
  9 goblins
  A jackal skeleton (D:5)
  10 kobolds
  A quokka skeleton (D:4)
  6 rats
106 creatures vanquished.

Vanquished Creatures (others)
  A jackal (D:6)
1 creature vanquished.

Grand Total: 107 creatures vanquished

Notes
Turn   | Place    | Note
--------------------------------------------------------------
     0 | D:1      | deanyohobro the Ogre Berserker began the quest for the Orb.
     0 | D:1      | Reached XP level 1. HP: 24/24 MP: 1/1
   299 | D:1      | Reached XP level 2. HP: 30/32 MP: 2/2
   371 | D:1      | Reached skill level 5 in Maces & Flails
   657 | D:1      | Reached ** piety under Trog
   971 | D:1      | Reached XP level 3. HP: 39/39 MP: 3/3
  1096 | D:2      | Noticed Terence
  1105 | D:2      | Killed Terence
  1105 | D:2      | Reached skill level 6 in Maces & Flails
  1220 | D:2      | Reached XP level 4. HP: 41/48 MP: 4/4
  1275 | D:2      | Found a stormy altar of Qazlal.
  1439 | D:2      | Found a shimmering altar of Xom.
  2584 | D:3      | Reached skill level 7 in Maces & Flails
  3037 | D:4      | Reached XP level 5. HP: 12/54 MP: 5/5
  3172 | D:4      | Reached skill level 8 in Maces & Flails
  3379 | D:4      | Found a glowing silver altar of Zin.
  3403 | D:4      | Found a glowing drain.
  3420 | Sewer    | Entered a sewer
  3440 | Sewer    | Reached XP level 6. HP: 36/62 MP: 6/6
  4105 | Sewer    | Reached *** piety under Trog
  4161 | Sewer    | Reached skill level 9 in Maces & Flails
  4443 | Sewer    | Reached skill level 10 in Maces & Flails
  4443 | Sewer    | Reached XP level 7. HP: 55/70 MP: 7/7
  5088 | D:4      | Found a shadowy altar of Dithmenos.
  5094 | D:4      | Found a shattered altar of Ashenzari.
  5154 | D:4      | Reached skill level 11 in Maces & Flails
  5206 | D:5      | Entered Level 5 of the Dungeon
  5700 | D:5      | Found a glowing golden altar of the Shining One.
  5963 | D:6      | Reached XP level 8. HP: 70/78 MP: 8/8
  6025 | D:6      | Noticed kak's ghost (novice NaVM)
  6130 | D:6      | HP: 1/117 [kak's ghost/Olgreb's Toxic Radiance (10)]
  6131 | D:6      | Slain by kak's ghost

Vault maps used:
D:1:      enne_arrival_octagon_isle, serial_forest,
          infiniplex_forest_clump_diagonal, infiniplex_forest_lined_2,
          infiniplex_forest_lined_ring, infiniplex_forest_lined_3_way,
          infiniplex_forest_clump_curved, infiniplex_forest_fountain
D:2:      xom_teletrap_fun, nicolae_qazlal_general_emergency, minivault_14,
          uniq_terence
D:3:      serial_co_window_serial, co_window_paths_a, co_window_paths_a,
          co_window_corner_a, co_window_corner_a, co_window_paths_a,
          co_window_cross_1, co_window_of_opportunity_a, co_window_paths_a,
          co_window_corner_a, co_window_of_opportunity_b, co_window_corner_b,
          co_window_of_opportunity_b, co_window_broadway_a, co_window_4corner_b,
          glass_columns_b
D:4:      zin_treasury, minitemple, portal_sewer_entry_d, minmay_ruptured
D:5:      kennysheep_mini_moat, first_bread
D:6:      nemelex_lonely_heart_becter, uniq_blork_the_orc, uniq_pikel
Sewer:    sewer_co_15_rooms

Action                   |  1- 3 |  4- 6 |  7- 9 || total
-------------------------+-------+-------+-------++-------
Melee: Mace              |    73 |       |       ||    73
       Flail             |     7 |   197 |   157 ||   361
Throw: Stone             |       |     2 |       ||     2
Invok: Trog's Hand       |       |       |     4 ||     4
       Berserk           |       |       |     2 ||     2
  Use: Potion            |       |     2 |     7 ||     9
       Scroll            |       |     1 |     1 ||     2
  Eat: Bread ration      |       |     2 |       ||     2
       Chunk             |       |     2 |     6 ||     8
       Meat ration       |       |       |     1 ||     1
